 Dungeon Crawl Stone Soup version 0.32-a0-290-g598725c5f2 (webtiles) character file.

Game seed: 8041670399906557356

222 pokeman the Magician (level 5, 0/29 HPs)
             Began as a Deep Elf Hedge Wizard on Feb 12, 2024.
             Slain by a gnoll zombie (1 damage)
             ... in an ossuary on Feb 13, 2024.
             The game lasted 00:07:31 (3753 turns).

pokeman the Magician (Deep Elf Hedge Wizard)        Turns: 3753, Time: 00:07:31

Health: 0/29       AC:  3    Str:  7    XL:     5   Next: 66%
Magic:  6/16       EV: 13    Int: 21    God:
Gold:   117        SH:  0    Dex: 14    Spells: 9/17 levels left

rFire   . . .        y - +2 hand axe (freeze)
rCold   . . .        (no shield)
rNeg    . . .        b - +0 robe
rPois   .            c - +0 hat
rElec   .            h - +0 cloak
rCorr   .            (no gloves)
SInv    .            (no boots)
Will    .....        (no amulet)
Stlth   ++           (no ring)
HPRegen 0.24/turn    (no ring)
MPRegen 0.15/turn

%: no passive effects
@: marked, on blink cooldown
A: no striking features
a: no special abilities


You were in an ossuary.
You visited 1 branch of the dungeon, and saw 4 of its levels.
You also visited: Ossuary.

You collected 137 gold pieces.
You spent 20 gold pieces at shops.

Inventory:

Hand Weapons
 y - a +2 hand axe of freezing (weapon)
Armour
 b - a +0 robe (worn)
 c - a +0 hat (worn)
 h - a +0 cloak (worn)
 p - a +2 buckler
Scrolls
 a - a scroll of amnesia {unknown}
 e - a scroll of revelation {unknown}
 f - 5 scrolls of teleportation {unknown}
 g - 7 scrolls of identify {unknown}
 j - a scroll of blinking {unknown}
 l - a scroll of enchant weapon {unknown}
 o - 6 scrolls of poison {unknown}
 t - a scroll of enchant armour {unknown}
 u - a scroll of butterflies {unknown}
 v - a scroll of fog {unknown}
 w - a scroll of torment {unknown}
Potions
 d - a potion of magic
 i - 2 potions of heal wounds {unknown}
 k - 2 potions of haste {unknown}
 m - 2 potions of enlightenment {unknown}
 n - 3 potions of curing {unknown}
 q - a potion of berserk rage {unknown}
 r - a potion of lignification {unknown}
 s - a potion of might {unknown}
 x - a potion of degeneration {unknown}
 z - a potion of mutation {unknown}


   Skills:
 - Level 1.1 Fighting
 - Level 1.1 Armour
 - Level 3.1 Dodging
 + Level 2.5 Stealth
 - Level 1.1 Shields
 * Level 6.5 Spellcasting
 + Level 2.7 Conjurations
 - Level 1.1 Summonings
 - Level 1.1 Translocations
 + Level 0.2 Air Magic
 + Level 0.3 Alchemy


You had 9 spell levels left.
You knew the following spells:

 Your Spells              Type           Power      Damage    Failure   Level
a - Magic Dart            Conj           72%        1d6       3%          1
b - Mephitic Cloud        Conj/Alch/Air  11%        N/A       19%         3
c - Call Imp              Summ           22%        N/A       9%          2
d - Blink                 Tloc           22%        N/A       9%          2

Your spell library contained the following spells:

 Spells                   Type           Power      Damage    Failure   Level
 Slow                     Hex            24%        N/A       10%         1
 Cigotuvi's Dreadful Rot  Necr/Alch/Air  14%        N/A       13%         2


Dungeon Overview and Level Annotations

Branches:
Dungeon (4/15)            Ossuary (1/1)
 Temple: D:4-7

Altars:

Shops:
D:3 =[**(

Annotations:
D:4 Pikel


Message History

Casting: Call Imp (safe; 9% risk of failure)
Confirm with . or Enter, or press ? or * to list all spells.
You blink.
A gnoll zombie comes into view.
The crocodile zombie barely misses you.
Your cerulean imp barely misses the mummy.
Unknown command.
You completely miss the centaur zombie.
The centaur zombie is heavily damaged.
You hit the crocodile zombie. You hit the gnoll zombie.
The centaur zombie barely misses you.
The centaur zombie kicks you but does no damage.
The crocodile zombie misses you.
The gnoll zombie hits you but does no damage.
The centaur zombie hits you.
* * * LOW HITPOINT WARNING * * *
The centaur zombie kicks you.
* * * LOW HITPOINT WARNING * * *
Your cerulean imp hits the mummy but does no damage.
Unknown command.
You hit the centaur zombie.
The centaur zombie is heavily damaged.
You hit the crocodile zombie. You hit the gnoll zombie.
The centaur zombie misses you.
The centaur zombie kicks you but does no damage.
The crocodile zombie bites you.
* * * LOW HITPOINT WARNING * * *
The crocodile zombie drags you backwards!
The gnoll zombie hits you but does no damage.
Your cerulean imp barely misses the mummy.
The mummy misses you. The centaur zombie hits you.
* * * LOW HITPOINT WARNING * * *
The centaur zombie kicks you.
* * * LOW HITPOINT WARNING * * *
Your cerulean imp hits the mummy but does no damage.
The centaur zombie hits you but does no damage.
The centaur zombie misses you.
The gnoll zombie attacks as it pursues you!
The gnoll zombie hits you.
You die...

### #
############.#.#.#.
##.@Z.......#.......
#..ZZ.Z............^
#..M..∩..∩.........#
#...................
##5.........#.......
############.#.#.#.
#######


You could see a mummy (ally target), a crocodile zombie, 2 gnoll zombies, a
centaur zombie and a friendly cerulean imp (summoned).

Vanquished Creatures
  A lemure (D:4)
  3 bombardier beetles
  3 adders
  A dart slug (D:3)
  2 ribbon worms
  4 orcs
  5 ball pythons
  7 bats
  5 endoplasms
  5 giant cockroaches
  4 goblins
  4 hobgoblins
  4 kobolds
  3 quokkas
  5 frilled lizards
  2 kobold zombies (Ossuary)
  4 rats
62 creatures vanquished.

Vanquished Creatures (collateral kills)
  A crocodile zombie (Ossuary)
1 creature vanquished.

Grand Total: 63 creatures vanquished

Notes
Turn   | Place    | Note
-------+----------+-------------------------------------------
     0 | D:1      | pokeman the Deep Elf Hedge Wizard began the quest for the
                  | Orb.
     0 | D:1      | Reached XP level 1. HP: 10/10 MP: 7/7
   476 | D:1      | Reached XP level 2. HP: 16/16 MP: 1/9
   995 | D:1      | Found a faded altar of an unknown god.
  1047 | D:1      | Reached skill level 5 in Spellcasting
  1395 | D:2      | Reached XP level 3. HP: 20/20 MP: 8/11
  1404 | D:2      | Learned a level 3 spell: Mephitic Cloud
  1407 | D:2      | Learned a level 2 spell: Call Imp
  1410 | D:2      | Learned a level 2 spell: Blink
  1661 | D:2      | Reached skill level 1 in Fighting
  1661 | D:2      | Reached skill level 1 in Armour
  1661 | D:2      | Reached XP level 4. HP: 25/25 MP: 9/13
  2227 | D:3      | Found Vin Wire's General Store.
  2227 | D:3      | Found Zewuh's Antique Weapon Shop.
  2499 | D:3      | Reached skill level 6 in Spellcasting
  2503 | D:3      | Reached XP level 5. HP: 28/29 MP: 4/15
  2626 | D:3      | Found Noinaemp's Assorted Antiques.
  2639 | D:3      | Bought a scroll labelled HUW NIGITIU for 20 gold pieces
  2669 | D:3      | Found Urchuoti's Jewellery Boutique.
  2672 | D:3      | Found Onunly's Armour Emporium.
  3496 | D:4      | Noticed a lemure
  3497 | D:4      | Upgraded the game from 0.32-a0-163-g159c032296 to
                  | 0.32-a0-290-g598725c5f2
  3559 | D:4      | Noticed Pikel
  3605 | D:4      | Killed a lemure
  3620 | D:4      | Reached skill level 1 in Shields
  3705 | D:4      | Found a sand-covered staircase.
  3714 | Ossuary  | Entered an ossuary
  3752 | Ossuary  | HP: 1/29 [centaur zombie (1)]
  3753 | Ossuary  | Slain by a gnoll zombie

Illustrated notes

Levels and vault maps discovered:
D:1:      wander_arrival_peaceful_grave, layout_basic,
          shapermc_ecumenical_altar_notcrosses
D:2:      layout_rooms, minmay_misc_feat_tiny
D:3:      layout_loops_cross, serial_shops, shop, shop,
          nicolae_shop_advertising_works [nicolae_subvault_shop_adworks], shop,
          shop, serial_bayou_ford_a, roderic_serpentine_path,
          serial_bayou_pond_a, kennysheep_generic_room_4
D:4:      layout_loops_ring, nicolae_overflow_hallway_of_the_gods,
          nicolae_ossuary_entry_monument, minmay_crystal_room,
          minmay_mini_ossuary, uniq_pikel
Ossuary:  ossuary_the_hunt_dpeg

Skill      XL: |  1  2  3  4  5 |
---------------+----------------+-----
Spellcasting   | 5 6 |  6.5
Fighting       | 1 |  1.1
Armour         | 1 |  1.1
Conjurations   | 2 |  2.7
Dodging        | 3 |  3.1
Shields        | 1 |  1.1
Stealth        | |  2.5
Summonings     | |  1.1
Translocations | |  1.1
Air Magic      | |  0.2
Alchemy        | |  0.3

Action                     |  1- 3 |  4- 6 || total
---------------------------+-------+-------++-------
  Melee: Dagger            |     7 |    28 ||    35
         Hand axe          |       |    33 ||    33
   Cast: Magic Dart        |    87 |    62 ||   149
         Mephitic Cloud    |     1 |     5 ||     6
         Call Imp          |       |     3 ||     3
         Blink             |       |     2 ||     2
   Stab: Confused          |     3 |     5 ||     8
 Armour: Robe              |     7 |    39 ||    46
  Dodge: Dodged            |     7 |    47 ||    54

Table legend: (Time is in decaauts)
 A = Elapsed time spent in this place.
 B = Non-inter-level travel time spent in this place.
 C = Inter-level travel time spent in this place.
 D = Time resting spent in this place.
 E = Time spent auto-exploring this place.
 F = Levels seen in this place.
 G = Mean time per level.
                   A        B        C        D        E       F      G
               +--------+--------+--------+--------+--------+-----+--------+
         Total |   3768 |   3720 |     48 |      0 |   3078 |   5 |  753.6 |
       Dungeon |   3725 |   3677 |     48 |      0 |   3078 |   4 |  931.2 |
       Ossuary |     42 |     42 |      0 |      0 |      0 |   1 |   42.0 |
               +--------+--------+--------+--------+--------+-----+--------+

Top non-repeatable levels by time:
     D:1: 1392 daAuts
     D:3: 1238 daAuts
     D:2: 835 daAuts
     D:4: 258 daAuts
 Ossuary: 42 daAuts
